 Dungeon Crawl Stone Soup version 0.25.1-2-g60ff931df9 (webtiles) character file.

Game seed: 14374822641888558046

13 growler the Digger (level 2, -2/20 HPs)
             Began as a Demigod Earth Elementalist on Oct 9, 2020.
             Slain by a gnoll
             ... wielding a +0 spear
              (8 damage)
             ... on level 2 of the Dungeon.
             The game lasted 00:01:01 (193 turns).

growler the Digger (Demigod Earth Elementalist)      Turns: 193, Time: 00:01:02

Health: -2/20      AC:  3    Str: 11    XL:     2   Next: 12%
Magic:  0/7        EV: 12    Int: 19    God:
Gold:   24         SH:  0    Dex: 16    Spells: 3/4 levels left

rFire    . . .     SeeInvis .   (no weapon)
rCold    . . .     Gourm    .   (no shield)
rNeg     . . .     Faith    .   c - +0 robe
rPois    .         Spirit   .   (no helmet)
rElec    .         Reflect  .   (no cloak)
rCorr    .         Harm     .   (no gloves)
MR       .....                  a - +0 pair of boots
Stlth    ++........             (no amulet)
HPRegen  0.06/turn              (no ring)
MPRegen  0.10/turn              (no ring)

@: no status effects
A: high mp 1
a: no special abilities


You were on level 2 of the Dungeon.
You were not hungry.

You visited 1 branch of the dungeon, and saw 2 of its levels.

You collected 24 gold pieces.

Inventory:

Missiles
 b - 60 stones (quivered)
Armour
 a - a +0 pair of boots (worn)
   (You found it on level 1 of the Dungeon)
 c - a +0 robe (worn)
Scrolls
 d - a scroll of identify {unknown}
 g - a scroll of enchant weapon {unknown}
 h - a scroll of enchant armour {unknown}
Potions
 f - a potion of berserk rage {unknown}
Comestibles
 e - 2 rations {!d}


   Skills:
 - Level 1.7 Dodging
 - Level 1.7 Stealth
 - Level 1.7 Spellcasting
   Level 0.8 Transmutations
 + Level 3.4 Earth Magic


You had 3 spell levels left.
You knew the following spells:

 Your Spells              Type           Power        Failure   Level  Hunger
a - Sandblast             Erth           ##....       4%          1    #......

Your spell library contained the following spells:

 Spells                   Type           Power        Failure   Level  Hunger
 Passwall                 Tmut/Erth      #.......     11%         2    ###....
 Stone Arrow              Conj/Erth      #.....       26%         3    ###....
 Petrify                  Tmut/Erth      #.......     58%         4    #####..
 Lee's Rapid Deconstruct  Erth           ##........   75%         5    ######.


Dungeon Overview and Level Annotations

Branches:
Dungeon (1/15)


Innate Abilities, Weirdness & Mutations

You have an increased reservoir of magic. (+10% MP)


Message History

Found a stone staircase leading down.
Found a scroll labeled LUKI WITAKITHRA and 17 stones.
i - a scroll labeled LUKI WITAKITHRA
b - 66 stones (gained 17)
Found a robe.
A goblin comes into view.
You fall into a shaft and drop 1 floor!
The shaft crumbles and collapses.
Found a stone staircase leading down.
You open the door.
A frilled lizard and 2 gnolls come into view.
The frilled lizard hisses angrily.
The gnoll shouts! x2; You hear a shout!
The gnoll hits you from afar with a +0 spear.
Found a stone staircase leading up.
Aim: a gnoll, wielding a +0 spear The blast of sand misses the gnoll.
The blast of sand hits the gnoll.
b - 65 stones The gnoll closely misses you.
Aim: a gnoll, wielding a +0 spear The blast of sand hits the gnoll!
b - 64 stones The gnoll hits you from afar with a +0 spear.
* * * LOW HITPOINT WARNING * * *
Aim: a gnoll, wielding a +0 spear (severely wounded)
The blast of sand hits the gnoll.
You kill the gnoll!
Your Earth Magic skill increases to level 3!
You have reached level 2!
b - 63 stones
Aim: a frilled lizard The blast of sand hits the frilled lizard!
You kill the frilled lizard!
b - 62 stones A gnoll comes into view. It is wielding a +0 spear.
Aim: a gnoll, wielding a +0 club (moderately wounded)
The blast of sand hits the gnoll.
b - 61 stones A ball python comes into view.
A gnoll comes into view.
The ball python hisses angrily.
Found a scroll labeled OGENUHEKAPE.
Found a stone staircase leading down.
As you read the scroll labeled LUKI WITAKITHRA, it crumbles to dust.
You assume a fearsome visage.
The ball python looks frightened!
The gnoll looks frightened! x2; It was a scroll of fear.
Aim: a gnoll, wielding a +0 spear The blast of sand hits the gnoll.
b - 60 stones The gnoll hits you from afar with a +0 spear!
You die...

### #######.#
........# #@# #.#
######g########
....?..........#
..........g....#
.......g.......#
...............#
............g..'<.#
...>......>....##.#


You could see 2 gnolls.

Vanquished Creatures
  A gnoll (D:2)
  A leopard gecko (D:1)
  A frilled lizard (D:2)
  A rat (D:1)
4 creatures vanquished.

Notes
Turn   | Place    | Note
-------+----------+-------------------------------------------
     0 | D:1      | growler the Demigod Earth Elementalist began the quest for
                  | the Orb.
     0 | D:1      | Reached XP level 1. HP: 14/14 MP: 5/5
   173 | D:1      | You fall into a shaft and drop 1 floor!
   180 | D:2      | Reached skill level 3 in Earth Magic
   180 | D:2      | Reached XP level 2. HP: 5/20 MP: 2/7
   193 | D:2      | Slain by a gnoll

Illustrated notes

Levels and vault maps discovered:
D:1:      dpeg_arrival_three_same_balls, layout_basic, minivault_27,
          kennysheep_decorative_pillar
D:2:      layout_basic, lemuel_crystal_altar, uniq_jessica, uniq_terence

Skill      XL: |  1 |
---------------+----+-----
Earth Magic    | 3 |  3.4
Dodging        | |  1.7
Stealth        | |  1.7
Spellcasting   | |  1.7
Transmutations | |  0.8

Action                   || total
-------------------------++-------
Melee: Unarmed           ||     1
 Cast: Sandblast         ||     8
  Use: Scroll            ||     1
Dodge: Dodged            ||     1
